 Dungeon Crawl Stone Soup version 0.30.1-11-g7821555f0a (webtiles) character file.

Game seed: 4036521520073897384

285 PaiMei the Trooper (level 6, -1/56 HPs)
             Began as a Hill Orc Fighter on Jan 12, 2024.
             Was an Initiate of Beogh.
             Slain by a gnoll
             ... wielding a +0 halberd
              (2 damage)
             ... on level 4 of the Dungeon.
             The game lasted 00:05:24 (3610 turns).

PaiMei the Trooper (Hill Orc Fighter)               Turns: 3610, Time: 00:05:25

Health: -1/56      AC: 10    Str: 21    XL:     6   Next: 29%
Magic:  6/6        EV:  9    Int:  8    God:    Beogh [......]
Gold:   254        SH:  4    Dex: 10    Spells: 5/5 levels left

rFire   . . .        a - +0 flail
rCold   . . .        c - +0 buckler
rNeg    . . .        b - +0 scale mail
rPois   .            e - +1 helmet
rElec   .            (no cloak)
rCorr   .            (no gloves)
SInv    .            q - +0 pair of boots
Will    .....        l - amulet of the acrobat Stlth
                     (no ring)
HPRegen 0.29/turn    (no ring)
MPRegen 0.10/turn

%: acrobat
@: no status effects
A: no striking features
a: Renounce Religion


You were on level 4 of the Dungeon.
You worshipped Beogh.
Beogh was noncommittal.
You visited 1 branch of the dungeon, and saw 4 of its levels.

You collected 254 gold pieces.

Inventory:

Hand Weapons
 a - a +0 flail (weapon)
 j - a +0 morningstar
Missiles
 r - 8 poisoned darts (quivered)
Armour
 b - a +0 scale mail (worn)
 c - a +0 buckler (worn)
 e - a +1 helmet (worn)
 q - a +0 pair of boots (worn)
Jewellery
 f - a ring of ice
 l - an amulet of the acrobat (around neck)
Scrolls
 g - 2 scrolls of fear {unknown}
 h - 4 scrolls of teleportation {unknown}
 i - 6 scrolls of identify {unknown}
 k - a scroll of magic mapping {unknown}
 o - a scroll of enchant weapon {unknown}
 t - a scroll of poison {unknown}
Potions
 d - a potion of might
 m - a potion of haste {unknown}
 n - 3 potions of heal wounds {unknown}
 p - 3 potions of flight {unknown}
 s - a potion of attraction {unknown}


   Skills:
 + Level 5.1 Fighting
 + Level 3.8 Maces & Flails
 + Level 4.6 Armour
 + Level 4.7 Shields
 + Level 1.1 Invocations


You had 5 spell levels left.
You didn't know any spells.
Your spell library contained the following spells:

 Spells                   Type           Power      Damage    Failure   Level
 Apportation              Tloc           0%         N/A       80%         1
 Freeze                   Ice            0%         1d3       80%         1
 Sandblast                Erth           0%         2d4       80%         1
 Slow                     Hex            0%         N/A       80%         1
 Confusing Touch          Hex            0%         N/A       99%         3
 Vampiric Draining        Necr           0%         2d6       99%         3
 Vhi's Electric Charge    Tloc/Air       0%         N/A       99%         3
 Arcjolt                  Conj/Air       0%         1d10      100%        5
 Maxwell's Capacitive Co  Air            0%         ∞         100%        8


Dungeon Overview and Level Annotations

Branches:
Dungeon (4/15)
 Temple: D:4-7

Altars:
Hepliaklqana

Shops:
D:3 [


Message History

You thump the orc!
You kill the orc!
Beogh accepts your kill.
You see here a +0 mace.
The gnoll shouts!
A gnoll is nearby!
The gnoll throws a throwing net.
The throwing net completely misses you.
The gnoll shouts!
The gnoll barely misses you.
You barely miss the gnoll. The gnoll hits you but does no damage.
The gnoll barely misses you.
You closely miss the gnoll.
The gnoll hits you from afar with a +0 halberd.
The gnoll misses you. You block the gnoll's attack.
You hit the gnoll.
The gnoll is heavily wounded.
The gnoll hits you but does no damage. The gnoll hits you with a +0 halberd.
The gnoll hits you but does no damage.
You hit the gnoll.
The gnoll is severely wounded.
The gnoll hits you with a +0 flail! The gnoll hits you with a +0 halberd!
The gnoll hits you with a +0 whip.
You barely miss the gnoll.
The gnoll is severely wounded.
You block the gnoll's attack. The gnoll hits you with a +0 halberd.
The gnoll misses you. The gnoll hits you with a +0 halberd!
* * * LOW HITPOINT WARNING * * *
The gnoll hits you with a +0 flail.
* * * LOW HITPOINT WARNING * * *
The gnoll misses you.
You hit the gnoll.
The gnoll is almost dead.
You block the gnoll's attack. The gnoll hits you but does no damage.
The gnoll barely misses you.
You barely miss the gnoll.
The gnoll is almost dead.
The gnoll hits you with a +0 flail!
* * * LOW HITPOINT WARNING * * *
The gnoll hits you with a +0 halberd.
You die...

....### ######......##
#### ...##
##...........# # ..##
###............# .##
##..............# ##
##...............#
##..........(.....#
##.................#
##...............g..##
................@....#
#...<.(.........gg..##
#...................##
##...................#
###.................#
###.........##....#
###.....####....#####
####### ##....#..##
#.....>>.# #


You could see 3 gnolls.

Vanquished Creatures
  A scorpion (D:3)
  A hound (D:3)
  A jelly (D:4)
  4 adders
  3 gnolls (D:3)
  2 worms (D:2)
  2 dart slugs
  2 orcs
  8 ball pythons
  11 bats
  8 endoplasms
  7 giant cockroaches
  4 goblins
  6 hobgoblins
  2 jackals (D:1)
  5 kobolds
  3 quokkas
  4 frilled lizards
  10 rats
84 creatures vanquished.

Notes
Turn   | Place    | Note
-------+----------+-------------------------------------------
     0 | D:1      | PaiMei the Hill Orc Fighter began the quest for the Orb.
     0 | D:1      | Reached XP level 1. HP: 19/19 MP: 1/1
     2 | D:1      | Noticed a ghoul
     2 | D:1      | Noticed a felid
     4 | D:1      | Noticed a minotaur
     4 | D:1      | Noticed a draconian
     6 | D:1      | Noticed an armataur
     6 | D:1      | Noticed a vampire
     8 | D:1      | Noticed a human
     8 | D:1      | Noticed a demonspawn
    10 | D:1      | Noticed a merfolk
    12 | D:1      | Noticed a formicid
    12 | D:1      | Noticed a tengu
    14 | D:1      | Noticed a spriggan
    14 | D:1      | Noticed a meteoran
    16 | D:1      | Noticed a troll
    16 | D:1      | Noticed an octopode
    18 | D:1      | Noticed a vine stalker
    18 | D:1      | Noticed a demigod
    20 | D:1      | Noticed a gargoyle
    22 | D:1      | Noticed an ogre
    24 | D:1      | Noticed an elf
    24 | D:1      | Noticed a merfolk
    26 | D:1      | Noticed a felid
   191 | D:1      | Reached XP level 2. HP: 26/27 MP: 2/2
   487 | D:1      | Reached skill level 4 in Fighting
   487 | D:1      | Reached XP level 3. HP: 28/33 MP: 3/3
  1355 | D:2      | Reached XP level 4. HP: 40/40 MP: 4/4
  1643 | D:2      | Got Sissap's Practicing Incantation
  2130 | D:3      | Found a faded altar of an unknown god.
  2138 | D:3      | Found a hazy altar of Hepliaklqana.
  2171 | D:3      | Found Beliamp's Antique Armour Shop.
  2227 | D:3      | Noticed a scorpion
  2234 | D:3      | Killed a scorpion
  2235 | D:3      | Reached XP level 5. HP: 45/47 MP: 5/5
  2424 | D:3      | Became a worshipper of Beogh the Brigand
  3108 | D:4      | Reached skill level 5 in Fighting
  3108 | D:4      | Reached XP level 6. HP: 53/56 MP: 6/6
  3267 | D:3      | Reached skill level 1 in Invocations
  3610 | D:4      | HP: 1/56 [gnoll/+0 flail (7)]
  3610 | D:4      | Slain by a gnoll

Illustrated notes

Levels and vault maps discovered:
D:1:      kb_arrival_jail, layout_basic
D:2:      minmay_chambers_of_ones, layout_basic, minmay_crystal_room
D:3:      layout_basic, amcnicky_altar_gilded, serial_shops, shop,
          basic_ecumenical_altar
D:4:      layout_cave_pods, dreamdust_mushroom_princess

Skill      XL: |  1  2  3  4  5  6 |
---------------+-------------------+-----
Fighting       | 4 5 |  5.1
Maces & Flails | 3 |  3.8
Shields        | 4 |  4.7
Armour         | 4 |  4.6
Invocations    | 1 |  1.1

Action                     |  1- 3 |  4- 6 || total
---------------------------+-------+-------++-------
  Melee: Flail             |   123 |   181 ||   304
 Invoke: Convert to Beogh  |       |     1 ||     1
 Armour: Scale mail        |    98 |   102 ||   200
  Dodge: Dodged            |    64 |   122 ||   186
  Block: Buckler           |    29 |    52 ||    81
